 Dungeon Crawl Stone Soup version 0.31-a0-437-g7cee417757 (console) character file.

Game seed: 1398923203698039840

2967 Ignak the Ogre Mage (level 9, -14/93 HPs)
             Began as an Ogre Hedge Wizard on Aug 2, 2023.
             Was an Elder of Okawaru.
             Demolished by a +1 spectral quarterstaff (16 damage)
             ... created by Joseph
             ... on level 7 of the Dungeon.
             The game lasted 00:19:32 (6272 turns).

Ignak the Ogre Mage (Ogre Hedge Wizard)             Turns: 6272, Time: 00:19:35

Health: -14/93     AC: 12    Str: 26    XL:     9   Next: 82%
Magic:  12/16      EV:  9    Int: 18    God:    Okawaru [****..]
Gold:   273        SH:  0    Dex:  7    Spells: 2/18 levels left

rFire   . . .        a - +3 dire flail (venom)
rCold   . . .        (shield currently unavailable)
rNeg    . . .        r - +0 acid dragon scales
rPois   .            p - +1 hat
rElec   .            (no cloak)
rCorr   +            (gloves unavailable)
SInv    .            (boots unavailable)
Will    .....        e - amulet of magic regeneration
Stlth   +            f - +6 ring of strength
HPRegen 0.35/turn    n - +4 ring of protection
MPRegen 0.55/turn

%: no passive effects
@: on blink cooldown
A: large, unfitting armour, tough skin 1, passive freeze, robust 1, strong 1
a: Renounce Religion, Heroism, Finesse


You were on level 7 of the Dungeon.
You worshipped Okawaru.
Okawaru was greatly pleased with you.
You visited 2 branches of the dungeon, and saw 8 of its levels.

You collected 273 gold pieces.

Inventory:

Hand Weapons
 a - a +3 dire flail of venom (weapon)
 b - a +1 whip of electrocution
 c - a +4 flail of protection
Armour
 p - a +1 hat (worn)
 r - +0 acid dragon scales (worn)
Magical Staves
 i - a staff of conjuration
Jewellery
 e - an amulet of magic regeneration (around neck)
 f - a +6 ring of strength (left hand)
 j - a ring of positive energy
 m - a ring of flight
 n - a +4 ring of protection (right hand)
 t - an amulet of the acrobat
Scrolls
 h - 2 scrolls of fear
 k - 4 scrolls of teleportation
 l - a scroll of brand weapon
 o - 2 scrolls of enchant armour
Potions
 d - a potion of magic
 g - a potion of enlightenment {unknown}
 s - a potion of degeneration {unknown}


   Skills:
 + Level 4.7 Fighting
 * Level 4.3 Maces & Flails
 * Level 0.0 Armour
 + Level 3.6 Dodging
 - Level 1.4 Stealth
 - Level 1.0 Unarmed Combat
 + Level 5.2 Spellcasting
 * Level 4.5 Conjurations
 - Level 1.0 Summonings
 - Level 3.0 Translocations
 * Level 4.0 Ice Magic
 * Level 4.3 Air Magic
 - Level 2.0 Poison Magic
 + Level 4.7 Invocations


You had 2 spell levels left.
You knew the following spells:

 Your Spells              Type           Power      Damage    Failure   Level
a - Magic Dart            Conj           80%        1d7       2%          1
b - Blink                 Tloc           30%        N/A       7%          2
c - Frozen Ramparts       Ice            38%        1d6       9%          3
d - Mephitic Cloud        Conj/Pois/Air  17%        N/A       11%         3
f - Freezing Cloud        Conj/Ice/Air   10%        6-21      58%         5
t - Passwall              Tmut/Erth      3%         N/A       24%         2

Your spell library contained the following spells:

 Spells                   Type           Power      Damage    Failure   Level
 Freeze                   Ice            76%        1d8       3%          1
 Poisonous Vapours        Pois/Air       32%        N/A       7%          2
 Cigotuvi's Dreadful Rot  Necr/Pois/Air  24%        N/A       11%         2
 Ensorcelled Hibernation  Hex/Ice        24%        N/A       11%         2
 Slow                     Hex            16%        N/A       16%         1
 Hailstorm                Conj/Ice       20%        3d6       9%          3
 Swiftness                Air            20%        N/A       9%          3
 Call Imp                 Summ           Unusable   N/A       N/A         2

Dungeon Overview and Level Annotations

Branches:
Dungeon (7/15)             Temple (1/1) D:5

Altars:
Ashenzari
Cheibriados
Dithmenos
Elyvilon
Fedhas
Gozag
Hepliaklqana
Kikubaaqudgha
Makhleb
Nemelex Xobeh
Okawaru
Qazlal
Ru
Sif Muna
Trog
Uskayaw
Vehumet
Wu Jian
Xom
Yredelemnul
Zin
The Shining One

Shops:
D:2 [

Annotations:
D:7 Joseph


Innate Abilities, Weirdness & Mutations

You are too large for most types of armour.
You have tough skin. (AC +1)
A frigid envelope surrounds you and freezes all who hurt you.
You are robust. (+10% HP)
Your muscles are strong. (Str +4, Int/Dex -1)


Message History

Press: ? - help, v - describe, . - travel
Here: Joseph, wielding a +1 spectral quarterstaff, wearing a +0 leather armour and quivering curare-tipped darts (severely wounded, very poisoned)
The floor.
Okay, then.
Casting: Mephitic Cloud (dangerous; 11% risk of failure)
Confirm with . or Enter, or press ? or * to list all spells.
You blink.
The +1 spectral quarterstaff hits you but does no damage.
The +1 spectral quarterstaff closely misses you.
Joseph unwields a +1 spectral quarterstaff.
The +1 spectral quarterstaff disappears.
Joseph wields a +0 sling.
Joseph shoots a sling bullet.
The sling bullet closely misses you.
Casting: Blink (safe; 7% risk of failure)
Confirm with . or Enter, or press ? or * to list all spells.
Aiming: Mephitic Cloud (dangerous; 11% risk of failure)
Press: ? - help, Shift-Dir - straight line, f/p - Joseph
Aim: Joseph, wielding a +0 sling, wearing a +0 leather armour and quivering curare-tipped darts (almost dead, very poisoned, chance to affect: 72%)
Okay, then.
You feel better.
Joseph sighs, "Being a guard is usually so boring..."
Casting: Mephitic Cloud (dangerous; 11% risk of failure)
Confirm with . or Enter, or press ? or * to list all spells.
You don't know that spell.
Casting: Mephitic Cloud (dangerous; 11% risk of failure)
Confirm with . or Enter, or press ? or * to list all spells.
Aiming: Mephitic Cloud (dangerous; 11% risk of failure)
Press: ? - help, Shift-Dir - straight line, p - Joseph The ball explodes into a vile cloud!
The stinking cloud engulfs Joseph but does no damage.
Joseph is almost dead.
You hear an angry hiss.
Joseph unwields a +0 sling.
Joseph wields a +1 spectral quarterstaff.
Joseph hits you with a +1 spectral quarterstaff!
* * * LOW HITPOINT WARNING * * *
Joseph is very cold.
Joseph is almost dead.
The +1 spectral quarterstaff hits you!
You die...

#......<.......
#....$.......
#...........
#..........
##.....####.
#########.....##
##.......☼))..##
###.......@☼.).##
##...######@(...#
##..### #######
##...# ##...##
##...## #...##
#...# #...##
##...##


You could see Joseph (very poisoned) and a +1 spectral quarterstaff (wandering).

Vanquished Creatures
  Pikel (D:5)
  Maggie (D:7)
  Edmund (D:5)
  A water moccasin (D:6)
  3 black bears
  2 ice beasts
  A sky beast (D:6)
  3 lemures (D:5)
  Blork the orc (D:6)
  3 bullfrogs
  A gnoll sergeant (D:6)
  A scorpion (D:6)
  2 howler monkeys
  4 hounds
  A jelly (D:6)
  7 orc priests
  A sleepcap (D:5)
  4 iguanas
  7 orc wizards
  5 gnolls (D:6)
  10 adders
  2 white imps (D:6)
  3 ufetubi
  3 worms
  8 dart slugs
  48 orcs
  3 bats
  4 endoplasms
  3 giant cockroaches
  3 goblins
  7 hobgoblins
  2 jackals (D:5)
  2 ball pythons
  4 frilled lizards
  7 kobolds
  6 rats
165 creatures vanquished.

Vanquished Creatures (collateral kills)
  A goblin (D:2)
  2 rats
3 creatures vanquished.

Grand Total: 168 creatures vanquished

Notes
Turn   | Place    | Note
-------+----------+-------------------------------------------
     0 | D:1      | Ignak the Ogre Hedge Wizard began the quest for the Orb.
     0 | D:1      | Reached XP level 1. HP: 16/16 MP: 5/5
   120 | D:1      | Reached skill level 1 in Conjurations
   120 | D:1      | Reached skill level 1 in Summonings
   120 | D:1      | Reached skill level 1 in Translocations
   123 | D:1      | Reached XP level 2. HP: 11/26 MP: 2/6
   164 | D:1      | Learned a level 2 spell: Blink
   168 | D:1      | Learned a level 2 spell: Call Imp
   779 | D:2      | Identified the +0 chain mail of Uschi {Will+++ Regen+
                  | Slay+2}
  1055 | D:2      | Found a faded altar of an unknown god.
  1255 | D:2      | Found Voocloge's Antique Armour Emporium.
  1457 | D:2      | Gained mutation: A frigid envelope surrounds you and
                  | freezes all who hurt you. [potion of mutation]
  1457 | D:2      | Gained mutation: Your muscles are strong. (Str +4, Int/Dex
                  | -1) [potion of mutation]
  1457 | D:2      | Gained mutation: You are robust. (+10% HP) [potion of
                  | mutation]
  1487 | D:3      | Reached XP level 3. HP: 35/35 MP: 8/8
  1491 | D:3      | Learned a level 3 spell: Mephitic Cloud
  1499 | D:3      | Reached skill level 1 in Fighting
  1528 | D:3      | Reached skill level 1 in Maces & Flails
  1528 | D:3      | Reached XP level 4. HP: 26/45 MP: 1/9
  1666 | D:3      | Reached skill level 1 in Air Magic
  1688 | D:3      | Reached XP level 5. HP: 36/52 MP: 2/10
  1704 | D:3      | Reached skill level 1 in Unarmed Combat
  1800 | D:3      | Learned a level 2 spell: Passwall
  1896 | D:3      | Found an iron altar of Okawaru.
  1938 | D:3      | Became a worshipper of Warmaster Okawaru
  2021 | D:3      | Reached skill level 4 in Spellcasting
  2021 | D:3      | Reached skill level 1 in Poison Magic
  2027 | D:3      | Reached skill level 1 in Ice Magic
  2113 | D:3      | Found a blossoming altar of Fedhas.
  2156 | D:3      | Found a glowing silver altar of Zin.
  2230 | D:3      | Found a snail-covered altar of Cheibriados.
  2250 | D:3      | Reached XP level 6. HP: 62/62 MP: 12/12
  2462 | D:4      | Noticed a black bear
  2474 | D:4      | Killed a black bear
  2475 | D:4      | Reached skill level 1 in Invocations
  2531 | D:4      | Reached * piety under Okawaru
  2584 | D:4      | Noticed Edmund
  2633 | D:5      | Entered Level 5 of the Dungeon
  2735 | D:5      | Found a white marble altar of Elyvilon.
  2838 | D:5      | Found a broken altar of Ashenzari.
  2844 | D:5      | Reached XP level 7. HP: 69/72 MP: 13/13
  3244 | D:5      | Noticed Pikel
  3266 | D:5      | Killed Pikel
  3266 | D:5      | Reached ** piety under Okawaru
  3267 | D:5      | Reached XP level 8. HP: 67/82 MP: 14/14
  3346 | D:5      | Found a staircase to the Ecumenical Temple.
  3352 | Temple   | Entered the Ecumenical Temple
  3596 | D:5      | Killed Edmund
  4225 | D:4      | Identified the +0 leather armour of Dithmenos's Esteem
                  | {rPois rCorr Str+3 Int-3}
  4362 | D:4      | Found a radiant altar of Vehumet.
  4363 | D:4      | Found an ancient bone altar of Kikubaaqudgha.
  5145 | D:6      | Learned a level 5 spell: Freezing Cloud
  5221 | D:6      | Noticed Blork the orc
  5231 | D:6      | Reached XP level 9. HP: 92/92 MP: 16/16
  5236 | D:6      | Killed Blork the orc
  5431 | D:6      | Reached *** piety under Okawaru
  5626 | D:6      | Reached skill level 5 in Spellcasting
  5964 | D:6      | Identified a scroll of acquirement
  5964 | D:6      | Acquired a book of Frost
  5970 | D:6      | Learned a level 3 spell: Frozen Ramparts
  6149 | D:7      | Noticed Maggie
  6163 | D:7      | Killed Maggie
  6208 | D:7      | Noticed Joseph
  6221 | D:7      | Reached **** piety under Okawaru
  6272 | D:7      | HP: 2/93 [Joseph/+1 spectral quarterstaff (14)]
  6272 | D:7      | Demolished by a +1 spectral quarterstaff

Illustrated notes

Levels and vault maps discovered:
D:1:      dpeg_arrival_fog, layout_basic, minmay_hexomino_u4
D:2:      layout_rooms, serial_shops, shop, hellmonk_ecumenical_altar_zigzags
D:3:      layout_rooms, cheibrodos_worm_habitat, zin_scriptorium,
          fedhas_altar_1, okawaru_metal_pillars_1_2
D:4:      kennysheep_slugbush, layout_loops_ring,
          gammafunk_temple_overflow_pools, uniq_edmund
D:5:      layout_loops_ring, mainiacjoe_overflow_cross_hatched,
          lemuel_round_altar, minmay_temple_entry_metal_lava,
          nicolae_concentric_dashed_squares_wild, uniq_pikel
D:6:      minmay_spotlight, layout_basic, uniq_blork_the_orc
D:7:      layout_layer_cave, lightli_corner_chamber, uniq_joseph, uniq_maggie
Temple:   jpeg_temple_clearing

Skill      XL: |  1  2  3  4  5  6  7  8  9 |
---------------+----------------------------+-----
Conjurations   | 1 2 3 4 |  4.5
Summonings     | 1 |  1.0
Translocations | 1 2 3 |  3.0
Fighting       | 1 2 3 4 |  4.7
Maces & Flails | 1 2 3 4 |  4.3
Dodging        | 2 3 |  3.6
Air Magic      | 1 2 3 4 |  4.3
Unarmed Combat | 1 |  1.0
Spellcasting   | 4 5 |  5.2
Poison Magic   | 1 2 |  2.0
Ice Magic      | 1 2 3 4 |  4.0
Invocations    | 1 2 3 4 |  4.7
Stealth        | |  1.4

Action                     |  1- 3 |  4- 6 |  7- 9 || total
---------------------------+-------+-------+-------++-------
  Melee: Club              |    23 |       |       ||    23
         Hand axe          |     6 |       |    29 ||    35
         Dagger            |    26 |       |       ||    26
         Mace              |    14 |    42 |       ||    56
         Punch             |       |     2 |     4 ||     6
         War axe           |       |    23 |       ||    23
         Flail             |       |     7 |   108 ||   115
         Dire flail        |       |       |    39 ||    39
         Whip              |       |       |    18 ||    18
   Cast: Magic Dart        |     4 |       |    12 ||    16
         Blink             |     3 |       |     3 ||     6
         Call Imp          |     4 |     2 |       ||     6
         Mephitic Cloud    |     2 |     7 |    16 ||    25
         Passwall          |       |       |     1 ||     1
 Invoke: Heroism           |       |       |     4 ||     4
    Use: Potion            |     5 |     3 |     2 ||    10
         Scroll            |     2 |     7 |     3 ||    12
   Stab: Sleeping          |     1 |       |     1 ||     2
         Confused          |       |     3 |     4 ||     7
 Armour: Robe              |    32 |    27 |   101 ||   160
         Skin              |     2 |       |       ||     2
         Acid dragon scale |       |       |     5 ||     5
  Dodge: Dodged            |    54 |    38 |   129 ||   221

Table legend: (Time is in decaauts)
 A = Elapsed time spent in this place.
 B = Non-inter-level travel time spent in this place.
 C = Inter-level travel time spent in this place.
 D = Time resting spent in this place.
 E = Time spent auto-exploring this place.
 F = Levels seen in this place.
 G = Mean time per level.
                   A        B        C        D        E       F      G
               +--------+--------+--------+--------+--------+-----+--------+
         Total |   6343 |   6106 |    237 |    757 |   3278 |   8 |  792.9 |
       Dungeon |   6342 |   6105 |    237 |    757 |   3278 |   7 |  906.0 |
        Temple |      1 |      1 |      0 |      0 |      0 |   1 |    1.0 |
               +--------+--------+--------+--------+--------+-----+--------+

Top non-repeatable levels by time:
     D:5: 1375 daAuts
     D:4: 1049 daAuts
     D:6: 1045 daAuts
     D:3: 961 daAuts
     D:1: 907 daAuts
     D:2: 713 daAuts
     D:7: 290 daAuts
  Temple: 1 daAuts
